 Dungeon Crawl Stone Soup version 0.25-a0-503-ge281fa673e (webtiles) character file.

Game seed: 8020256682610207217, levelgen mode: deterministic

35 Forecaster the Magician (level 3, 0/28 HPs)
             Began as a Naga Wizard on Feb 13, 2020.
             Slain by a gnoll
             ... wielding a +0 spear
              (10 damage)
             ... on level 2 of the Dungeon.
             The game lasted 00:11:15 (1051 turns).

Forecaster the Magician (Naga Wizard)               Turns: 1051, Time: 00:11:16

Health: 0/28       AC:  2    Str:  9    XL:     3   Next: 35%
Magic:  0/8        EV: 10    Int: 19    God:
Gold:   48         SH:  0    Dex:  9    Spells: 6/9 levels left

rFire    . . .     SeeInvis +   f - +0 dagger
rCold    . . .     Gourm    .   (no shield)
rNeg     . . .     Faith    .   a - +0 robe
rPois    +         Spirit   .   b - +0 hat
rElec    .         Reflect  .   (no cloak)
rCorr    .         Harm     .   (no gloves)
MR       .....                  (no barding)
Stlth    ++........             (no amulet)
HPRegen  0.09/turn              (no ring)
MPRegen  0.11/turn              (no ring)

@: very slow
A: large, see invisible, deformed body, poison resistance, slowness 2, slow
metabolism 1, spit poison 1, AC +1
a: Spit Poison


You were on level 2 of the Dungeon.
You were not hungry.

You visited 1 branch of the dungeon, and saw 2 of its levels.

You collected 48 gold pieces.

Inventory:

Hand Weapons
 f - a +0 dagger (weapon)
 g - a +0 club
 j - a +0 spear
 s - a +0 dagger
 w - a +0 whip
 x - a +0 dagger
 y - a +0 whip
Missiles
 h - a throwing net (quivered)
 m - 20 bolts
 n - 18 stones
 u - 7 poisoned darts
Armour
 a - a +0 robe (worn)
 b - a +0 hat (worn)
 c - a +0 scale mail
 k - a +0 ring mail
 r - a +0 chain mail
Scrolls
 e - a scroll of immolation {unknown}
 i - a scroll of blinking {unknown}
 l - a scroll of identify
 q - 2 scrolls of remove curse {unknown}
 v - a scroll of teleportation {unknown}
Potions
 p - a potion of berserk rage
Comestibles
 d - 3 rations
 t - 3 chunks of flesh


   Skills:
 + Level 2.0 Dodging
 + Level 3.3 Stealth
 + Level 3.5 Spellcasting
 + Level 1.1 Conjurations
 + Level 1.3 Summonings
   Level 1.0 Translocations


You had 6 spell levels left.
You knew the following spells:

 Your Spells              Type           Power        Failure   Level  Hunger
a - Magic Dart            Conj           #...         9%          1    None
b - Call Imp              Summ           #.......     13%         2    ##.....

Your spell library contained the following spells:

 Spells                   Type           Power        Failure   Level  Hunger
 Blink                    Tloc           N/A          14%         2    ##.....
 Slow                     Hex            #.......     22%         2    ##.....
 Conjure Flame            Conj/Fire      #.......     34%         3    ###....
 Mephitic Cloud           Conj/Pois/Air  #.......     36%         3    ###....


Dungeon Overview and Level Annotations

Branches:
Dungeon (2/15)

Altars:
Makhleb


Innate Abilities, Weirdness & Mutations

You cannot wear boots.
Your serpentine skin is tough. (AC +1)
You have supernaturally acute eyesight. (SInv)
Armour fits poorly on your strangely shaped body.
Your system is resistant to poisons. (rPois)
You cover ground very slowly.
You have a slow metabolism.
You can spit poison.


Message History

Your crimson imp hits the gnoll.
Something barely misses your crimson imp.
Your crimson imp disappears in a puff of smoke!
Something hits your crimson imp but does no damage.
The gnoll barely misses your crimson imp.
Your crimson imp hits the gnoll.
Something hits your crimson imp.
The gnoll hits your crimson imp with a +0 spear.
Your crimson imp hits the gnoll.
Something closely misses your crimson imp.
The gnoll misses your crimson imp.
Your crimson imp blinks!
Casting: Call Imp (safe; 13% risk of failure)
Confirm with . or Enter, or press ? or * to list all spells.
Aiming: Magic Dart (safe; 9% risk of failure)
Press: ? - help, Shift-Dir - straight line, f - gnoll
Aim: a gnoll, wielding a +0 spear (almost dead)
The magic dart hits the gnoll but does no damage.
The gnoll is almost dead.
The gnoll hits you from afar with a +0 spear!
You die...

.# #. ..
#............ .# #
#.## #............ #.
..#..........## #.
######.#........>.#
.....#.#..........#
#...#.#....).....#
#######.
#................#
.......#
#.###..............#
.#####.#
#...@..............#
<#
#####g...5..^......#
.#
######§g..###########
.# #g.g.)....# .#
#.######### ..
#.gg.g..# ##
#########


You could see 2 gnolls and a friendly crimson imp.

Vanquished Creatures
  A dart slug (D:1)
  A leopard gecko (D:1)
  A goblin (D:1)
  2 hobgoblins (D:1)
  3 bats
  A kobold (D:1)
  3 rats
12 creatures vanquished.

Vanquished Creatures (collateral kills)
  A gnoll (D:2)
  An adder (D:2)
  A worm (D:2)
  A leopard gecko (D:2)
  A giant cockroach (D:2)
  A hobgoblin (D:2)
  A bat (D:2)
  4 kobolds (D:2)
11 creatures vanquished.

Grand Total: 23 creatures vanquished

Notes
Turn   | Place    | Note
-------+----------+-------------------------------------------
     0 | D:1      | Forecaster the Naga Wizard began the quest for the Orb.
     0 | D:1      | Reached XP level 1. HP: 15/15 MP: 4/4
   245 | D:1      | Reached XP level 2. HP: 21/22 MP: 3/6
   361 | D:1      | Learned a level 2 spell: Call Imp
   813 | D:2      | Found a burning altar of Makhleb.
   847 | D:2      | Reached XP level 3. HP: 21/28 MP: 1/8
  1051 | D:2      | Slain by a gnoll

Levels and vault maps discovered:
D:1:      psy_arrival_terrarium, layout_basic
D:2:      layout_basic, nicolae_overflow_crystal_walls, lemuel_crystal_altar

Skill      XL: |  1  2 |
---------------+-------+-----
Dodging        | 2 |  2.0
Stealth        | |  3.3
Spellcasting   | |  3.5
Conjurations   | |  1.1
Summonings     | |  1.3
Translocations | |  1.0

Action                   || total
-------------------------++-------
Melee: Club              ||     3
       Unarmed           ||     3
       Dagger            ||    22
 Cast: Magic Dart        ||    29
       Call Imp          ||    15
  Use: Scroll            ||     3
       Potion            ||     1
Armor: Robe              ||    18
Dodge: Dodged            ||    30

Table legend:
 A = Non-vault XP
 B = Vault XP
 C = Vault XP percentage of total XP
 D = Non-vault monster count
 E = Vault monster count
 F = Vault count percentage of total count
                 A         B        C        D         E       F
            +---------+---------+-------+---------+---------+-------
      Total |      51 |       0 |   0.0 |      23 |       0 |   0.0
            +---------+---------+-------+---------+---------+-------
        D:1 |      17 |       0 |   0.0 |       9 |       0 |   0.0
        D:2 |      34 |       0 |   0.0 |      14 |       0 |   0.0
            +---------+---------+-------+---------+---------+-------
